[Event "Jerry Simon Memorial 2024"]
[Site "New York"]
[Date "2024.11.23"]
[Round "1.1"]
[White "Liu, Grant"]
[Black "Knowles, Chase"]
[Result "1-0"]
[ECO "A42"]
[WhiteElo "1716"]
[BlackElo "1983"]
[Annotator "RC"]
[PlyCount "140"]
[EventDate "2024.11.22"]
[EventType "swiss"]
[EventCountry "USA"]
[SourceTitle "playchess.com"]
[Source "ChessBase"]
[SourceQuality "1"]
[TimeControl "5400+30"]

1. d4 g6 2. c4 Bg7 3. Nc3 d6 4. e4 e5 5. d5 a5 6. h3 Ne7 7. Nf3 O-O 8. g4 c6 9. Be3 Na6 10. Rg1 cxd5 11. cxd5 h6 12. Qd2 Kh7 13. h4 Ng8 14. Be2 Bd7 15. Rh1 Rc8 16. Rc1 Nc5 17. h5 g5 18. Bxc5 Rxc5 19. Qe3 Qc8 20. Nd2 Bxg4 21. Nb3 Rc7 22. Nxa5 Nf6 23. b3 Ne8 24. Nc4 Bxe2 25. Kxe2 Qg4+ 26. f3 Qg2+ 27. Kd3 g4 28. fxg4 Qxg4 29. Rcg1 Qd7 30. a4 Qe7 31. Nb6 Qd8 32. Rh2 Bf6 33. Nb5 Re7 34. Qf2 Bg5 35. Qf5+ Kh8 36. Nc4 Ng7 37. Qf3 Rd7 38. Rhg2 f5 39. Kc2 fxe4 40. Qxe4 Nxh5 41. Rh2 Nf4 42. Nbxd6 Qf6 43. Qxe5 Rxd6 44. Rxg5 Qxe5 45. Nxe5 Kh7 46. Ng4 Nxd5 47. Rgh5 Rc8+ 48. Kb2 Rcc6 49. Ne5 Ra6 50. Nf7 Rf6 51. Ng5+ Kg6 52. Ne4 Rf4 53. Nc5 Ra5 54. Rxd5 b6 55. Rd6+ Kf5 56. Nd3 Rg4 57. Rdxh6 Rg3 58. R2h5+ Ke4 59. Rxa5 bxa5 60. Nc5+ Kd4 61. Nb7 Rg2+ 62. Ka3 Kc3 63. Nxa5 Rg1 64. Rc6+ Kd4 65. Nc4 Kd5 66. Rc7 Rg3 67. a5 Rg6 68. Kb4 Ra6 69. Kb5 Rh6 70. a6 Rh8 1-0

[Event "Jerry Simon Memorial 2024"]
[Site "New York"]
[Date "2024.11.23"]
[Round "1.2"]
[White "Nkululeko, Nkosi"]
[Black "Ross, Tyler"]
[Result "1-0"]
[ECO "C01"]
[WhiteElo "1906"]
[BlackElo "1792"]
[Annotator "RC"]
[PlyCount "159"]
[EventDate "2024.11.22"]
[EventType "swiss"]
[EventCountry "USA"]
[SourceTitle "playchess.com"]
[Source "ChessBase"]
[SourceQuality "1"]
[TimeControl "5400+30"]

1. e4 e6 2. d4 d5 3. exd5 exd5 4. Bd3 Bd6 5. Ne2 Ne7 6. c4 dxc4 7. Bxc4 O-O 8. Bg5 c6 9. Nbc3 Bf5 10. O-O Qc7 11. h3 h6 12. Bh4 Nd7 13. Rc1 Ng6 14. Bg3 Nf6 15. Qb3 b5 16. Bxb5 Rab8 17. Qd1 Bxg3 18. Nxg3 Bd7 19. Bc4 Rxb2 20. Qd3 Nf4 21. Qf3 Qb8 22. Nce4 N6d5 23. Nc5 Qd8 24. Nh5 Nxh5 25. Qxh5 Bc8 26. Nd3 Rd2 27. Rfd1 Rxd1+ 28. Qxd1 Nb6 29. Ne5 Nxc4 30. Rxc4 Qd5 31. Qa4 Be6 32. Qxc6 Qa5 33. Ra4 Qe1+ 34. Kh2 Qxf2 35. Qf3 Qd2 36. Qd3 Qf4+ 37. Qg3 Qd2 38. Nf3 Qc2 39. Rxa7 Bxa2 40. Ne5 Bd5 41. Nd7 Rd8 42. Nf6+ Kh8 43. Nxd5 Rxd5 44. Rxf7 Rg5 45. Qf3 Qg6 46. Rf8+ Kh7 47. Rf4 Qd6 48. Qe4+ Kh8 49. Qa8+ Kh7 50. g3 Qg6 51. Qf3 Qc2+ 52. Qg2 Qg6 53. h4 Rg4 54. Rxg4 Qxg4 55. Qc2+ Kg8 56. d5 Qd4 57. Qc8+ Kh7 58. Qf5+ Kh8 59. h5 Qc5 60. Kh3 Qg1 61. Qe4 Qf1+ 62. Kg4 Qd1+ 63. Kh4 Qd2 64. Qe8+ Kh7 65. Qg6+ Kg8 66. d6 Qh2+ 67. Kg4 Qe2+ 68. Kh3 Qf1+ 69. Kg4 Qe2+ 70. Kf5 Qf3+ 71. Ke6 Qe3+ 72. Kd7 Qa7+ 73. Kd8 Qb8+ 74. Ke7 Qa7+ 75. d7 Qc5+ 76. Qd6 Qg5+ 77. Ke6 Qf6+ 78. Kd5 Qf5+ 79. Kd4 Qg4+ 80. Kd5 1-0

[Event "Jerry Simon Memorial 2024"]
[Site "New York"]
[Date "2024.11.23"]
[Round "1.3"]
[White "Ching, Mike Wai Chong"]
[Black "Shvarts, Tim"]
[Result "0-1"]
[ECO "C54"]
[WhiteElo "1722"]
[BlackElo "1915"]
[Annotator "RC"]
[PlyCount "104"]
[EventDate "2024.11.22"]
[EventType "swiss"]
[EventCountry "USA"]
[SourceTitle "playchess.com"]
[Source "ChessBase"]
[SourceQuality "1"]
[TimeControl "5400+30"]

1. e4 e5 2. Nf3 Nc6 3. Bc4 Bc5 4. d3 Nf6 5. c3 O-O 6. b4 Bb6 7. O-O d6 8. Bb3 h6 9. h3 Re8 10. Re1 Be6 11. Bxe6 Rxe6 12. Be3 Bxe3 13. fxe3 d5 14. Nbd2 Ne7 15. Qc2 c6 16. d4 Ng6 17. dxe5 Nxe5 18. Nd4 Re8 19. Rad1 Qc7 20. Nf5 g6 21. Nd4 Nc4 22. Nxc4 dxc4 23. e5 Qxe5 24. Nf3 Qe4 25. Qf2 Rad8 26. Rd4 Qe6 27. Qh4 Kg7 28. Rxc4 Ne4 29. Rd4 g5 30. Qg4 f5 31. Qh5 Nf6 32. Nxg5 hxg5 33. Qxg5+ Kf7 34. Rh4 Rg8 35. Qf4 Rd2 36. g4 fxg4 37. Rf1 gxh3+ 38. Kh1 Ke7 39. e4 Rd7 40. c4 b5 41. e5 Ne8 42. Rh6 Qxc4 43. Rh7+ Kd8 44. Rxd7+ Kxd7 45. Rd1+ Kc7 46. Qe3 Qxa2 47. Qxh3 Rg7 48. e6 Qc2 49. Rd7+ Rxd7 50. exd7 Qd1+ 51. Kh2 Qxd7 52. Qe3 Kb7 0-1

[Event "Jerry Simon Memorial 2024"]
[Site "New York"]
[Date "2024.11.23"]
[Round "1.4"]
[White "Belenky, Nicholas"]
[Black "Raitzin, Misha"]
[Result "1/2-1/2"]
[ECO "C78"]
[WhiteElo "1988"]
[BlackElo "1821"]
[Annotator "RC"]
[PlyCount "25"]
[EventDate "2024.11.22"]
[EventType "swiss"]
[EventCountry "USA"]
[SourceTitle "playchess.com"]
[Source "ChessBase"]
[SourceQuality "1"]
[TimeControl "5400+30"]

1. e4 e5 2. Nf3 Nc6 3. Bb5 a6 4. Ba4 Nf6 5. O-O b5 6. Bb3 Bc5 7. c3 d6 8. d4 Bb6 9. h3 h6 10. dxe5 Nxe5 11. Nxe5 dxe5 12. Qd5 Qd7 13. Qxd7+ 1/2-1/2

[Event "Jerry Simon Memorial 2024"]
[Site "New York"]
[Date "2024.11.23"]
[Round "1.5"]
[White "Kharchykau, Dzmitry"]
[Black "Chachere, Theodore"]
[Result "0-1"]
[ECO "A29"]
[WhiteElo "1709"]
[BlackElo "1907"]
[Annotator "RC"]
[PlyCount "114"]
[EventDate "2024.11.22"]
[EventType "swiss"]
[EventCountry "USA"]
[SourceTitle "playchess.com"]
[Source "ChessBase"]
[SourceQuality "1"]
[TimeControl "5400+30"]

1. c4 e5 2. Nc3 Nf6 3. Nf3 Nc6 4. g3 Bb4 5. Bg2 O-O 6. O-O Bxc3 7. bxc3 Re8 8. d3 e4 9. Ng5 exd3 10. exd3 h6 11. Ne4 d6 12. Nxf6+ Qxf6 13. d4 Bd7 14. Bf4 Rad8 15. h4 b6 16. Qc1 Na5 17. c5 dxc5 18. Bxc7 Rc8 19. Be5 Qe6 20. Re1 cxd4 21. Bxd4 Qxe1+ 22. Qxe1 Re5 23. Qe2 Rxe2 24. Rc1 Re1+ 25. Rxe1 Be6 26. Re2 Rc4 27. Be4 Ra4 28. Bb1 Kf8 29. f4 Bd5 30. Be5 Nc4 31. Bc7 Ra3 32. Bd8 Rxc3 33. Be7+ Kg8 34. Kf2 Rf3+ 35. Ke1 Rxg3 36. Bc5 Bc6 37. Bf2 Rh3 38. Be4 Bxe4 39. Rxe4 Nd6 40. Ra4 Nb5 41. Rb4 Nc3 42. a4 Rd3 43. Bd4 Nd5 44. Rc4 Nxf4 45. Bxb6 axb6 46. Rxf4 Kf8 47. Re4 g6 48. Ke2 Rb3 49. Kd2 Kg7 50. Kc2 Rf3 51. Rb4 Rf6 52. Kd3 Re6 53. Kd4 f5 54. Kd5 Kf6 55. Rc4 g5 56. h5 g4 57. Rc7 Re4 0-1

[Event "Jerry Simon Memorial 2024"]
[Site "New York"]
[Date "2024.11.23"]
[Round "1.6"]
[White "Diamond, Colin"]
[Black "Patel, Raza Mikal"]
[Result "0-1"]
[ECO "D45"]
[WhiteElo "1906"]
[BlackElo "1733"]
[Annotator "RC"]
[PlyCount "82"]
[EventDate "2024.11.22"]
[EventType "swiss"]
[EventCountry "USA"]
[SourceTitle "playchess.com"]
[Source "ChessBase"]
[SourceQuality "1"]
[TimeControl "5400+30"]

1. d4 d5 2. c4 c6 3. Nc3 Nf6 4. e3 e6 5. Nf3 Nbd7 6. Be2 Bd6 7. O-O O-O 8. b3 dxc4 9. bxc4 Re8 10. e4 e5 11. d5 Nc5 12. Qc2 Bg4 13. Ne1 Bxe2 14. Qxe2 cxd5 15. cxd5 a6 16. Nd3 Nxd3 17. Qxd3 h6 18. Be3 Ng4 19. Bd2 Kh7 20. h3 Nf6 21. f4 Qb6+ 22. Kh1 Qd4 23. Qc2 Kh8 24. f5 Rac8 25. Rad1 Bb4 26. Be1 Qc4 27. Rf3 Bxc3 28. Rxc3 Qf1+ 29. Kh2 Qf4+ 30. Bg3 Qxg3+ 31. Rxg3 Rxc2 32. Rb3 Nxe4 33. Rxb7 Nc3 34. Rd3 e4 35. Rg3 Nxd5 36. Rxf7 Rc7 37. Rxc7 Nxc7 38. Kg1 e3 39. Kf1 Nd5 40. Rg4 e2+ 41. Ke1 Ne3 0-1

[Event "Jerry Simon Memorial 2024"]
[Site "New York"]
[Date "2024.11.23"]
[Round "1.7"]
[White "Quirk, Duk Hunter"]
[Black "Towsen, John"]
[Result "1-0"]
[ECO "C11"]
[WhiteElo "1610"]
[BlackElo "1892"]
[Annotator "NA RC"]
[PlyCount "49"]
[EventDate "2024.11.22"]
[EventType "swiss"]
[EventCountry "USA"]
[SourceTitle "playchess.com"]
[Source "ChessBase"]
[SourceQuality "1"]
[TimeControl "5400+30"]

1. e4 Nf6 2. Nc3 d5 3. e5 Nfd7 4. d4 c5 5. Be3 cxd4 6. Bxd4 e6 7. f4 Nc6 8. Nf3 Nxd4 {[%emt 0:01:47] C11: French: Classical System: 4 e5 and 4 Bg5 dxe4.} 9. Nxd4 Bc5 10. Nb3 Bb4 11. Qd4 Qb6 12. O-O-O Nc5 13. Bb5+ Kd8 14. Qxb4 Nxb3+ 15. Qxb3 a6 16. Be2 Qe3+ 17. Kb1 Bd7 18. Qxb7 Ra7 19. Qb8+ Bc8 20. Nxd5 exd5 21. Rxd5+ Rd7 22. Rxd7+ Kxd7 23. Rd1+ Ke6 24. Bg4+ f5 25. Rd6+ 1-0

[Event "Jerry Simon Memorial 2024"]
[Site "New York"]
[Date "2024.11.23"]
[Round "1.8"]
[White "Dalhouse, Justin"]
[Black "Cruz, Paul"]
[Result "1-0"]
[ECO "B12"]
[WhiteElo "1903"]
[BlackElo "1708"]
[Annotator "RC"]
[PlyCount "79"]
[EventDate "2024.11.22"]
[EventType "swiss"]
[EventCountry "USA"]
[SourceTitle "playchess.com"]
[Source "ChessBase"]
[SourceQuality "1"]
[TimeControl "5400+30"]

1. e4 c6 2. d4 d5 3. e5 c5 4. c3 Nc6 5. Be2 cxd4 6. cxd4 Bf5 7. Nf3 e6 8. Nc3 a6 9. O-O Nh6 10. a3 Bg6 11. b4 b5 12. Be3 Nf5 13. Rc1 Rc8 14. Qb3 Be7 15. Nxb5 O-O 16. Nc3 Qb6 17. Na4 Qa7 18. Nc5 Bxc5 19. Rxc5 Rc7 20. Rfc1 Nfe7 21. Qa4 Rcc8 22. Qxa6 Qc7 23. Qa4 Ra8 24. Qb3 Qb6 25. Bb5 Na7 26. a4 h6 27. a5 Qb8 28. Be2 Rc8 29. b5 Nac6 30. a6 Rxa6 31. Qc3 Ra2 32. Bf1 Na7 33. h3 Ra4 34. Nd2 Rxc5 35. Qxc5 Nf5 36. b6 Kh7 37. Qc7 Qf8 38. bxa7 Qa3 39. Qc3 Qe7 40. Qc5 1-0

[Event "Jerry Simon Memorial 2024"]
[Site "New York"]
[Date "2024.11.23"]
[Round "1.9"]
[White "Koppenaal, Richard"]
[Black "Berg, George"]
[Result "0-1"]
[ECO "A57"]
[WhiteElo "1733"]
[BlackElo "1952"]
[Annotator "RC"]
[PlyCount "56"]
[EventDate "2024.11.22"]
[EventType "swiss"]
[EventCountry "USA"]
[SourceTitle "playchess.com"]
[Source "ChessBase"]
[SourceQuality "1"]
[TimeControl "5400+30"]

1. d4 Nf6 2. c4 c5 3. d5 b5 4. cxb5 a6 5. e3 axb5 6. Bxb5 Qa5+ 7. Nc3 Bb7 8. Bd2 Qb6 9. Nf3 Nxd5 10. a4 Nf6 11. O-O e6 12. e4 Be7 13. e5 Nd5 14. Nxd5 Bxd5 15. Be3 Nc6 16. Qe2 O-O 17. Rfc1 Bxf3 18. Qxf3 Nxe5 19. Qg3 Nc6 20. Ra3 Rfc8 21. Rac3 d6 22. Rc4 Qb7 23. Bh6 g6 24. h4 Nd4 25. R4c3 Qxb5 26. axb5 Ne2+ 27. Kf1 Nxg3+ 28. fxg3 Rcb8 0-1

[Event "Jerry Simon Memorial 2024"]
[Site "New York"]
[Date "2024.11.23"]
[Round "1.10"]
[White "Olsen, Robert"]
[Black "Sarwar, Sawyer L"]
[Result "0-1"]
[ECO "A62"]
[WhiteElo "1877"]
[BlackElo "1775"]
[Annotator "NA RC"]
[PlyCount "80"]
[EventDate "2024.11.22"]
[EventType "swiss"]
[EventCountry "USA"]
[SourceTitle "playchess.com"]
[Source "ChessBase"]
[SourceQuality "1"]
[TimeControl "5400+30"]

1. d4 Nf6 2. c4 e6 3. g3 c5 4. d5 exd5 5. cxd5 d6 6. Nc3 g6 7. Bg2 Bg7 8. Nf3 O-O 9. O-O Re8 10. Bf4 {[%emt 0:00:19] 10.Re1 is becoming the main line.} a6 11. a4 Qc7 12. Qd2 {[%emt 0:00:36] A62: Modern Benoni: Fianchetto Variation without early ...Nbd7.} Bg4 13. Rfc1 $146 ({Predecessor:} 13. Ng5 Bf5 14. e4 Bg4 15. Rae1 Nh5 16. Be3 h6 17. Nf3 Kh7 18. Nh4 Bd7 19. f4 Nf6 {1-0 Cech,P (2430)-Sandner,G (2280) BL2-Ost 0809 2008 (2.4)}) 13... Nbd7 14. a5 Bxf3 15. Bxf3 Ne5 16. Na4 Nxf3+ 17. exf3 Nd7 18. Rab1 Ne5 19. Kg2 Qe7 20. Bxe5 Qxe5 21. b4 g5 22. bxc5 g4 23. Qf4 Qxd5 24. Qxg4 ({Don't play} 24. cxd6 gxf3+ 25. Qxf3 Qxf3+ 26. Kxf3 Rad8 $18) 24... h5 25. Qd7 Re2 (25... Qa2 $16) 26. Qxd6 $2 (26. Qxb7 $18 Qxb7 27. Rxb7 dxc5 28. Nxc5) 26... Qa2 27. Rf1 Qxa4 28. Rxb7 Qd4 29. Qc7 Qd5 30. Rd1 Qe6 31. Rd8+ Rxd8 32. Qxd8+ Qe8 33. Qc7 Be5 34. Qb6 Rb2 35. Qxa6 Qc8 36. c6 Bd4 37. Qc4 $2 (37. Qd3 $14 Qxc6 (37... Rxf2+ 38. Kh1 $11) 38. Rxb2 Bxb2 39. Qd8+ Kg7 40. Qg5+ Qg6 41. Qb5) 37... Rxf2+ 38. Kh1 Qf5 39. Rb8+ Kh7 40. Qb3 Rf1+ 0-1